AoeStats
← henningschult

MegaRandom

506142641Analyzed
1v1 RM · 20d ago on Sep 12, 2026· 22m 8s· 2 players
Game mode
Random Map
Map size
Tiny (2 player)
Population
200
Speed
Normal
Resources
Standard
Victory
Conquest
Starting age
Dark Age
Ending age
Imperial Age
RankedLock teamsTeams togetherTeam positionsShared explorationLock speedFull tech treeHidden civsTurbo modeCheats
Victory
Defeat
🇨🇱 Saracens · Chile
861
+18
🇩🇪 Maya · Germany
901
-51
Cambowarrior!
8:22 Loom
10:23 Feudal Age
16:17 Castle Age
15:24 Horse Collar
17:09 Gold Mining
19:19 Forging
henningschult
11:57 Feudal Age
14:19 Wheelbarrow
13:07 Man-at-Arms
Connection lost

Rejoining the realm…

Still unreachable

The connection could not be restored.

Session expired

The server has moved on; the page needs a fresh start.